AoeStats
← AoM92

Arabia

509902770Analyzed
1v1 RM · 4d ago on Sep 28, 2026· 56m 48s· 2 players
Game mode
Random Map
Map size
Tiny (2 player)
Population
200
Speed
Normal
Resources
Standard
Victory
Conquest
Starting age
Dark Age
Ending age
Imperial Age
RankedLock teamsTeams togetherTeam positionsShared explorationLock speedFull tech treeHidden civsTurbo modeCheats
Victory
Defeat
🇧🇷 Mongols · Brazil
1275
+16
🇭🇺 Mongols · Hungary
1273
-16
AoM92
6:06 Loom
9:10 Feudal Age
10:11 Double-Bit Axe
22:06 Castle Age
20:29 Gold Mining
20:32 Horse Collar
21:06 Fletching
21:48 Padded Archer Armor
22:53 Bodkin Arrow
23:58 Bow Saw
25:03 Scale Barding Armor
25:21 Bloodlines
31:40 Wheelbarrow
33:20 Leather Archer Armor
34:44 Ballistics
36:02 Thumb Ring
37:59 Town Watch
41:40 Imperial Age
39:58 Hand Cart
40:40 Stone Mining
40:57 Heavy Plow
40:35 Light Cavalry
41:15 Husbandry
41:25 Husbandry
42:06 Elite Mangudai
43:59 Chemistry
43:44 Conscription
46:46 Scale Barding Armor
47:50 Gold Shaft Mining
50:55 Murder Holes
51:37 Coinage
Fs.Igor
5:28 Loom
8:07 Feudal Age
9:20 Double-Bit Axe
15:01 Scale Barding Armor
16:14 Bloodlines
17:33 Forging
22:23 Castle Age
20:45 Horse Collar
24:04 Husbandry
25:01 Chain Barding Armor
27:44 Bow Saw
29:17 Wheelbarrow
29:24 Heavy Plow
29:15 Gold Mining
32:17 Iron Casting
38:34 Imperial Age
38:39 Hand Cart
40:49 Blast Furnace
39:40 Cavalier
41:18 Conscription
42:54 Heavy Scorpion
45:08 Light Cavalry
46:00 Hussar
Connection lost

Rejoining the realm…

Still unreachable

The connection could not be restored.

Session expired

The server has moved on; the page needs a fresh start.